Map: Purity and Industry LE

Players

JohnnyV

  • Race: Terran Terran
  • Spawn Location: 12:00

ACE - Winner!

  • Race: Protoss Protoss
  • Spawn Location: 3:00

VOD

Have the link to the VOD?

Description

Time

  • Played on: April 26, 2020, 2:43 a.m.
  • Length: 16:38
Show
View Real Time Build Order
Export as new Build Order

JohnnyV Terran 

Build Orders:  

Get SALT Encoding   

  12  0:01  SCV  
  13  0:21  Supply Depot  
  13  0:22  SCV  
  14  0:34  SCV  
  15  0:47  SCV  
  15  0:48  Barracks  
  16  0:59  SCV  
  16  1:01  Refinery  
  17  1:13  SCV  
  18  1:19  Refinery  
  18  1:25  SCV  
  19  1:29  Barracks  
  19  1:39  Marine  
  20  1:42  Bunker  
  20  1:59  Orbital Command  
  20  2:00  Marine  
  21  2:18  Marine  
  23  2:27  Barracks Reactor  
  22  2:32  Command Center  
  22  2:41  Supply Depot  
  21  2:51  SCV  
  22  3:02  Engineering Bay  
  22  3:07  Marine x2  
  24  3:22  Barracks Tech Lab  
  24  3:28  Marine  
  24  3:29  Factory  
  24  3:33  SCV  
  26  3:40  Engineering Bay  
  26  3:43  Combat Shield  
  26  3:52  SCV  
  26  3:53  SCV  
  28  3:56  Marine  
  28  3:58  Marine  
  30  4:12  Missile Turret  
  30  4:15  Terran Infantry Armor Level 1  
  30  4:26  Barracks Reactor  
  30  4:38  Orbital Command  
  30  4:43  Refinery  
  30  4:46  Refinery  
  30  4:53  Marauder  
  30  4:59  Widow Mine x2  
  36  5:01  Terran Infantry Weapons Level 1  
  36  5:12  SCV x2  
  38  5:15  Marauder  
  38  5:21  Concussive Shells  
  40  5:24  SCV x2  
  42  5:32  Widow Mine  
  42  5:33  Marine  
  42  5:34  Marine  
  46  5:43  Supply Depot  
  46  5:48  Supply Depot  
  46  6:05  SCV, Widow Mine  
  46  6:06  Marine x2  
  51  6:16  Hi-Sec Auto Tracking  
  51  6:17  SCV, Starport  
  52  6:23  Marauder  
  54  6:26  Marine x2  
  56  6:37  Widow Mine x2  
  60  6:40  SCV x2  
  62  6:49  Supply Depot  
  62  6:51  Supply Depot  
  62  6:58  Supply Depot  
  62  7:10  SCV x2, Marauder  
  62  7:11  Supply Depot  
  66  7:16  Barracks Reactor  
  66  7:28  Liberator x2  
  72  7:42  Marauder  
  74  7:48  Widow Mine x2  
  78  7:55  Armory  
  78  7:58  Armory  
  78  8:01  Supply Depot  
  78  8:02  Missile Turret  
  78  8:06  Marine x2  
  78  8:07  Missile Turret  
  78  8:08  Marauder  
  78  8:12  SCV x2  
  84  8:24  SCV x2, Supply Depot  
  86  8:30  Marine x2  
  86  8:32  Medivac x2  
  92  8:36  Widow Mine x2  
  96  8:47  Marine  
  96  8:48  Marine  
  92  9:02  Medivac x2  
  96  9:25  Widow Mine x2  
  100  10:24  Command Center  
  100  10:31  SCV x2  
  100  10:33  Marine x3  
  105  10:38  Viking x2  
  109  10:43  SCV  
  109  10:47  Supply Depot  
  109  10:49  Supply Depot  
  110  11:09  Supply Depot, Marauder, Marine x2, Widow Mine x2  
  110  11:10  SCV x2  
  120  11:20  Barracks  
  120  11:22  SCV, Barracks  
  120  11:23  SCV  
  120  11:24  Viking x2  
  120  11:25  Factory  
  126  11:31  Marauder, Marine  
  129  11:34  SCV  
  129  11:37  Refinery  
  129  11:39  Marine  
  131  11:48  Marine  
  131  11:53  Marauder  
  131  11:54  Widow Mine x2  
  138  12:03  Refinery  
  138  12:14  Marauder  
  140  12:24  Barracks Tech Lab x2  
  140  12:27  Marine x2, Factory Tech Lab  
  134  12:38  Terran Infantry Weapons Level 2  
  134  12:39  Terran Infantry Armor Level 2  
  134  12:42  Terran Vehicle And Ship Armor Level 1  
  134  12:43  Terran Ship Weapons Level 1  
  134  12:48  Siege Tank  
  137  12:55  Viking  
  137  12:56  Viking  
  141  13:08  Planetary Fortress  
  141  13:13  SCV x2  
  143  13:25  SCV x2  
  145  13:37  Marine x4  
  149  13:50  Supply Depot x2  
  149  13:52  Supply Depot  
  149  14:11  Marine x2  
  149  14:12  Viking x2, Marine, Siege Tank x2  
  162  14:23  Marine x3  
  165  14:30  Supply Depot  
  165  14:31  Supply Depot x2  
  165  14:34  SCV x3  
  168  14:46  SCV x2  
  93  15:49  Marine x3  
  88  15:50  Marine x2  
  77  16:01  Widow Mine x2  
  75  16:07  Marine x3  
  75  16:08  Marine x2  
Show
View Real Time Build Order
Export as new Build Order

ACE Protoss - Winner!

Build Orders: Double Forge 

Get SALT Encoding   

  12  0:02  Probe  
  13  0:14  Probe  
  14  0:20  Pylon  
  14  0:26  Probe  
  15  0:38  Probe  
  15  0:39  Gateway  
  16  0:46  Assimilator  
  16  0:50  Probe (Chrono Boost)  
  17  1:01  Probe (Chrono Boost)  
  18  1:05  Probe (Chrono Boost)  
  19  1:16  Assimilator  
  19  1:18  Probe  
  20  1:26  Cybernetics Core  
  20  1:30  Probe  
  21  1:42  Probe  
  21  1:45  Pylon  
  21  2:08  Probe  
  21  2:10  Stalker  
  21  2:11  Warp Gate  
  24  2:20  Probe  
  25  2:37  Robotics Facility  
  25  2:48  Stalker  
  27  3:05  Pylon  
  27  3:12  Forge  
  27  3:24  Observer (Chrono Boost)  
  28  3:34  Stalker  
  30  3:45  Shield Battery  
  30  3:51  Nexus  
  30  3:53  Photon Cannon  
  30  3:54  Protoss Ground Weapons Level 1  
  30  4:33  Twilight Council  
  30  4:37  Forge  
  30  4:58  Probe  
  31  5:01  Robotics Bay  
  31  5:08  Gateway  
  31  5:10  Probe (Chrono Boost), Observer  
  31  5:11  Probe (Chrono Boost), Gateway  
  33  5:20  Probe x2 (Chrono Boost)  
  35  5:22  Protoss Shields Level 1 (Chrono Boost)  
  35  5:25  Probe x2 (Chrono Boost)  
  37  5:36  Probe  
  37  5:37  Probe  
  39  5:43  Charge (Chrono Boost)  
  39  5:47  Extended Thermal Lance (Chrono Boost)  
  39  5:48  Probe  
  40  5:59  Immortal  
  44  6:06  Probe, Robotics Facility  
  44  6:09  Assimilator  
  45  6:13  Probe  
  45  6:18  Probe  
  47  6:19  Assimilator  
  47  6:27  Photon Cannon  
  47  6:30  Probe  
  49  6:40  Probe  
  49  6:42  Probe  
  49  6:45  Pylon  
  50  6:48  Protoss Ground Weapons Level 2 (Chrono Boost)  
  50  6:52  Probe  
  51  6:54  Probe  
  52  7:04  Probe  
  52  7:05  Zealot x2  
  52  7:06  Probe, Zealot  
  60  7:16  Probe  
  60  7:18  Probe  
  60  7:20  Blink (Chrono Boost)  
  60  7:21  Pylon  
  62  7:25  Pylon  
  62  7:41  Colossus  
  68  7:52  Protoss Shields Level 2 (Chrono Boost)  
  68  7:53  Colossus  
  68  7:58  Pylon  
  74  8:03  Zealot  
  74  8:05  Zealot  
  78  8:20  Stalker  
  80  8:28  Stalker x2  
  82  8:41  Colossus  
  84  9:10  Observer  
  84  9:22  Pylon  
  84  9:23  Zealot  
  86  9:25  Pylon  
  86  9:40  Colossus (Chrono Boost)  
  92  9:51  Photon Cannon  
  92  9:53  Photon Cannon  
  92  9:55  Photon Cannon  
  92  9:59  Photon Cannon x2  
  92  10:01  Photon Cannon  
  92  10:02  Photon Cannon  
  96  10:10  Immortal (Chrono Boost)  
  96  10:15  Protoss Ground Weapons Level 3 (Chrono Boost)  
  96  10:16  Pylon  
  96  10:19  Pylon  
  96  10:30  Immortal (Chrono Boost)  
  100  10:39  Immortal (Chrono Boost)  
  104  10:52  Protoss Shields Level 3 (Chrono Boost)  
  104  11:10  Zealot  
  104  11:11  Zealot x2  
  108  11:13  Immortal (Chrono Boost)  
  114  11:29  Pylon  
  114  11:33  Immortal (Chrono Boost)  
  118  11:54  Pylon  
  118  12:00  Stalker x3  
  124  12:12  Observer (Chrono Boost)  
  124  12:39  Stalker  
  124  12:40  Stalker x2  
  130  12:57  Immortal (Chrono Boost)  
  134  12:59  Nexus  
  134  13:00  Pylon  
  134  13:16  Immortal (Chrono Boost)  
  134  13:17  Pylon  
  138  13:21  Pylon  
  138  13:33  Assimilator  
  138  13:38  Protoss Ground Armor Level 1 (Chrono Boost)  
  138  13:39  Pylon  
  138  13:40  Assimilator  
  138  13:49  Stalker x2  
  138  13:50  Stalker  
  144  14:27  Stalker x3  
  150  14:33  Probe (Chrono Boost)  
  151  14:45  Probe (Chrono Boost)  
  152  14:49  Probe (Chrono Boost)  
  153  14:54  Stalker x3  
  153  14:59  Probe  
  154  15:12  Probe  
  74  15:58  Stalker  
  74  15:59  Stalker x2  
  84  16:34  Stalker x3  
Tags
 
Add a new tag
Caveats
  • Supply blocks, unpowered buildings, or Contaminate may cause inaccurate times.
  • Supply counts are checked every 10 seconds.